 Dungeon Crawl Stone Soup version 0.28-a0-1624-g820543e53a (webtiles) character file.

Game seed: 18372910056093625572

63 frimble the Cutter (level 3, -1/27 HPs)
             Began as a Demonspawn Warper on Jan 23, 2022.
             Slain by a hobgoblin (3 damage)
             ... on level 2 of the Dungeon.
             The game lasted 00:02:47 (1912 turns).

frimble the Cutter (Demonspawn Warper)              Turns: 1912, Time: 00:02:47

Health: -1/27      AC:  3    Str: 11    XL:     3   Next: 89%
Magic:  1/6        EV: 12    Int: 20    God:
Gold:   79         SH:  0    Dex: 12    Spells: 1/6 levels left

rFire   . . .      SeeInvis .   a - +0 short sword (drain)
rCold   . . .      Faith    .   (no shield)
rNeg    . . .      Spirit   .   b - +0 leather armour
rPois   .          Reflect  .   (no helmet)
rElec   .          Harm     .   (no cloak)
rCorr   .          Rampage  .   (no gloves)
Will    .....                   (no boots)
Stlth   +.........              (no amulet)
HPRegen 0.09/turn               (no ring)
MPRegen 0.10/turn               (no ring)

@: no status effects
A: big brain 2
a: no special abilities


You were on level 2 of the Dungeon.
You visited 1 branch of the dungeon, and saw 2 of its levels.

You collected 79 gold pieces.

Inventory:

Hand Weapons
 a - a +0 short sword of draining (weapon)
Missiles
 d - a boomerang of dispersal (quivered)
 g - 4 boomerangs
Armour
 b - a +0 leather armour (worn)
Scrolls
 c - a scroll of blinking
 f - a scroll of identify


   Skills:
 - Level 2.0 Fighting
 + Level 3.0 Short Blades
 - Level 0.9 Throwing
 - Level 0.8 Armour
 + Level 2.9 Dodging
 - Level 2.0 Spellcasting
 - Level 2.6 Translocations


You had one spell level left.
You knew the following spells:

 Your Spells              Type           Power      Damage    Failure   Level
a - Blink                 Tloc           24%        N/A       11%         2
b - Gell's Gravitas       Tloc           12%        N/A       21%         3

Your spell library contained the following spells:

 Spells                   Type           Power      Damage    Failure   Level
 Lesser Beckoning         Tloc           12%        N/A       21%         3
 Teleport Other           Tloc           12%        N/A       21%         3
 Static Discharge         Conj/Air       2%         N/A       30%         2
 Manifold Assault         Tloc           12%        N/A       88%         5
 Lightning Bolt           Conj/Air       1%         1d12      99%         5
 Maxwell's Capacitive Co  Air            1%         ∞         100%        8


Dungeon Overview and Level Annotations

Branches:
Dungeon (2/15)

Altars:


Innate Abilities, Weirdness & Mutations

You have an extremely huge brain. (Int +4)


Message History

The adder is moderately wounded.
The adder barely misses you. The adder closely misses you.
Casting: Gell's Gravitas (quite dangerous; 21% risk of failure)
Confirm with . or Enter, or press ? or * to list all spells.
You don't have enough magic to cast this spell.
Unknown command.
Your magical contamination has completely faded away.
Casting: Gell's Gravitas (quite dangerous; 21% risk of failure)
Confirm with . or Enter, or press ? or * to list all spells.
You blink.
Throw: 3 boomerangs (disperse)
Press: ? - help, Q - select action, (/) - cycle Shift-Dir - straight line, f - adder
Aim: an adder (lightly wounded, 38% to hit)
You throw a boomerang of dispersal.
The boomerang of dispersal barely misses the adder.
The boomerang of dispersal closely misses the hobgoblin.
Throw: 2 boomerangs (disperse)
Press: ? - help, Q - select action, (/) - cycle Shift-Dir - straight line, f/p - adder
Aim: an adder (lightly wounded, 38% to hit)
You throw a boomerang of dispersal.
The boomerang of dispersal closely misses the adder.
The boomerang of dispersal hits the hobgoblin but does no damage.
You hit the adder.
The adder is heavily wounded.
You feel stable enough to blink again. The adder misses you.
You hit the adder. You drain the adder.
You kill the adder!
Your Short Blades skill increases to level 3!
The hobgoblin closely misses you.
You hit the hobgoblin.
The hobgoblin is heavily wounded.
The hobgoblin hits you.
* * * LOW HITPOINT WARNING * * *
You hit the hobgoblin but do no damage.
The hobgoblin is heavily wounded.
The hobgoblin hits you but does no damage.
The hobgoblin hits you.
You die...

##### ##...##
##>.@g.## #.......#
#.......# ###
#.......# #.#
##.....## #.#
#.......# ####.##
#.......# ......####
#.......#
####.....#####.....###


You could see a hobgoblin.

Vanquished Creatures
  2 adders (D:2)
  A gnoll (D:1)
  An adder skeleton (D:2)
  A dart slug (D:1)
  5 endoplasms
  3 goblins (D:1)
  3 hobgoblins (D:1)
  A quokka (D:1)
  3 ball pythons (D:1)
  5 bats
  2 frilled lizards (D:1)
  2 kobolds
  3 rats (D:1)
32 creatures vanquished.

Notes
Turn   | Place    | Note
-------+----------+-------------------------------------------
     0 | D:1      | frimble the Demonspawn Warper began the quest for the Orb.
     0 | D:1      | Reached XP level 1. HP: 16/16 MP: 3/3
   182 | D:1      | Reached skill level 2 in Short Blades
   290 | D:1      | Gained mutation: You have an unusually large brain. (Int
                  | +2) [demonic ancestry]
   290 | D:1      | Reached XP level 2. HP: 14/22 MP: 5/5
   300 | D:1      | Learned a level 2 spell: Blink
   698 | D:1      | Gained mutation: You have an extremely huge brain. (Int +4)
                  | [demonic ancestry]
   698 | D:1      | Reached XP level 3. HP: 24/27 MP: 6/6
  1105 | D:1      | Found a faded altar of an unknown god.
  1261 | D:2      | Learned a level 3 spell: Gell's Gravitas
  1900 | D:2      | Reached skill level 3 in Short Blades
  1912 | D:2      | Slain by a hobgoblin

Illustrated notes

Levels and vault maps discovered:
D:1:      saegor_arrival_miasma, layout_loops_ring,
          chequers_ecumenical_altar_lobes
D:2:      layout_rooms, minmay_indecisive_spiral

Skill      XL: |  1  2  3 |
---------------+----------+-----
Short Blades   | 2 3 |  3.0
Dodging        | 2 |  2.9
Fighting       | |  2.0
Throwing       | |  0.9
Armour         | |  0.8
Spellcasting   | |  2.0
Translocations | |  2.6

Action                   || total
-------------------------++-------
Melee: Short sword       ||   141
       Punch             ||     2
Throw: Boomerang         ||     4
 Cast: Blink             ||     2
  Use: Scroll            ||     2
       Potion            ||     2
 Stab: Sleeping          ||     1
Armor: Leather armour    ||    35
Dodge: Dodged            ||    86

Table legend: (Time is in decaauts)
 A = Elapsed time spent in this place.
 B = Non-inter-level travel time spent in this place.
 C = Inter-level travel time spent in this place.
 D = Time resting spent in this place.
 E = Time spent auto-exploring this place.
 F = Levels seen in this place.
 G = Mean time per level.
                   A        B        C        D        E       F      G
               +--------+--------+--------+--------+--------+-----+--------+
         Total |   1911 |   1846 |     65 |     71 |   1432 |   2 |  955.5 |
       Dungeon |   1911 |   1846 |     65 |     71 |   1432 |   2 |  955.5 |
               +--------+--------+--------+--------+--------+-----+--------+

Top non-repeatable levels by time:
     D:1: 1258 daAuts
     D:2: 652 daAuts
